 Dungeon Crawl Stone Soup version 0.31-a0-188-g5e087ee2ca (webtiles) character file.

Game seed: 11521768319328540370

89 lunkers the Ruffian (level 5, -6/41 HPs)
             Began as a Meteoran Wanderer on June 23, 2023.
             Was an Initiate of Okawaru.
             Mangled by a gnoll
             ... wielding a +0 heavy halberd
              (16 damage)
             ... on level 4 of the Dungeon.
             The game lasted 00:05:46 (1654 turns).

lunkers the Ruffian (Meteoran Wanderer)             Turns: 1654, Time: 00:05:47

Health: -6/41      AC:  6    Str: 15    XL:     5   Next: 10%
Magic:  6/6        EV: 10    Int: 13    God:    Okawaru [......]
Gold:   189        SH:  0    Dex: 14    Spells: 4/4 levels left

rFire   . .          .
                       - Unarmed
rCold   . . .        (no shield)
rNeg    . . .        l - +0 ring mail
rPois   .            (no helmet)
rElec   .            (no cloak)
rCorr   .            d - +0 pair of gloves
SInv    .            (no boots)
Will    .....        (no amulet)
Stlth   +            (no ring)
HPRegen 0.26/turn    (no ring)
MPRegen 0.10/turn

%: no passive effects
@: glowing
A: sense surroundings 1, otherworldly, glowing, explore regen
a: Renounce Religion


You were on level 4 of the Dungeon.
You worshipped Okawaru.
Okawaru was noncommittal.
You visited 2 branches of the dungeon, and saw 5 of its levels.

You collected 189 gold pieces.

Inventory:

Hand Weapons
 a - a +0 falchion
Armour
 d - a +0 pair of gloves (worn)
 f - a +0 robe
 l - a +0 ring mail (worn)
Jewellery
 m - a ring of flight
Wands
 o - a wand of polymorph (12)
 q - a wand of acid (9)
Scrolls
 c - a scroll of blinking
 g - 2 scrolls of revelation {unknown}
 h - 2 scrolls of teleportation {unknown}
 j - a scroll of enchant weapon {unknown}
 k - 2 scrolls of noise {unknown}
 r - a scroll of enchant armour {unknown}
 s - 4 scrolls of identify {unknown}
Potions
 b - a potion of brilliance
 e - 3 potions of curing
 i - a potion of degeneration {unknown}
 n - 2 potions of mutation {unknown}
 p - a potion of magic {unknown}
 t - 2 potions of attraction {unknown}


   Skills:
 - Level 2.1 Fighting
 - Level 3.6 Long Blades
 - Level 1.2 Dodging
 - Level 1.0 Stealth
 + Level 6.3 Unarmed Combat
 + Level 0.0 Invocations


You had 4 spell levels left.
You didn't know any spells.
Your spell library contained the following spells:

 Spells                   Type           Power      Damage    Failure   Level
 Ensorcelled Hibernation  Hex/Ice        0%         N/A       67%         2
 Passwall                 Tmut/Erth      0%         N/A       67%         2
 Poisonous Vapours        Pois/Air       0%         N/A       67%         2
 Mephitic Cloud           Conj/Pois/Air  0%         N/A       88%         3
 Swiftness                Air            0%         N/A       88%         3
 Freezing Cloud           Conj/Ice/Air   0%         6-21      100%        5


Dungeon Overview and Level Annotations

Branches:
Dungeon (4/15) Zot: 1015   Temple (1/1) D:4 Zot: 347

Altars:
Dithmenos
Elyvilon
Gozag
Hepliaklqana
Kikubaaqudgha
Makhleb
Nemelex Xobeh
Okawaru
Qazlal
Ru
Sif Muna
Trog
Uskayaw
Wu Jian
Yredelemnul
Zin


Innate Abilities, Weirdness & Mutations

You passively map a small area around you.
You are easily found by Zot.
You glow in the dark.
You regain HP and MP as you explore.


Message History

You kill the quokka!
Okawaru accepts your kill.
No target in view!
No target in view!
No target in view!
No target in view!
No target in view!
No target in view!
No target in view!
Things that are here:
a +0 club; a goblin corpse HP restored.
You see here a staff of death.
You now have 189 gold pieces (gained 13).
Things that are here:
a +0 club; a goblin corpse You see here a wand of charming (4).
You see here a wand of charming (4).
Found a leather armour.
s - 2 scrolls labelled TOCKOG PO MUP (gained 1)
t - 2 metallic blue potions
s - 4 scrolls labelled TOCKOG PO MUP (gained 2)
A gnoll comes into view. It is wielding a +0 heavy halberd.
A gnoll is nearby!
The gnoll shouts!
You hear a shout!
A gnoll comes into view. It is wielding a +0 club.
Okay, then.
The gnoll hits you from afar with a +0 heavy halberd!!
* * * LOW HITPOINT WARNING * * *
You barely miss the gnoll. Your punch misses the gnoll.
The gnoll hits you with a +0 heavy halberd!
* * * LOW HITPOINT WARNING * * *
You hit the gnoll but do no damage. The gnoll misses you.
You barely miss the gnoll. You hit the gnoll but do no damage.
The gnoll hits you but does no damage.
You closely miss the gnoll. You hit the gnoll.
The gnoll is heavily wounded.
The gnoll hits you with a +0 heavy halberd!
You die...

......# #........##..<.......
......# #........##.....#####
#.##### #........######...#.. †.#
#........# ###.g...g †##
################## #.g...#.. .#
#..........# #######.#....#. .#
#..........# #.......#......
.####..........####......###.....
###.............@gg......# #.....
#..............####).....# #.....
#.#.########...# #......# ##....
#.#.#......#..## #.....># #....
#.#.#.####.#.## #......# #....
#.#.#.#..#.#.## #......# #....
#.#.#.#[.#.#..#########.## #####
#.#.#.##.#.#......# #.#
#.#.#....#.#.####.# #.#


You could see 2 gnolls.

Vanquished Creatures
  3 adders
  An ufetubus (D:4)
  5 dart slugs
  An orc (D:3)
  2 bats (D:1)
  3 endoplasms
  2 giant cockroaches
  3 hobgoblins
  5 kobolds
  4 quokkas
  6 ball pythons
  4 frilled lizards
  3 goblins
  4 rats
46 creatures vanquished.

Notes
Turn   | Place    | Note
-------+----------+-------------------------------------------
     0 | D:1      | lunkers the Meteoran Wanderer began the quest for the Orb.
     0 | D:1      | lunkers set off with the following items: a +0 falchion, a
                  | potion of brilliance, a scroll of blinking, a +0 pair of
                  | gloves, a potion of curing, a +0 robe.
     0 | D:1      | Reached XP level 1. HP: 17/17 MP: 2/2
    53 | D:1      | Reached skill level 4 in Unarmed Combat
    57 | D:1      | Reached XP level 2. HP: 3/24 MP: 3/3
   146 | D:1      | Reached XP level 3. HP: 29/29 MP: 4/4
   232 | D:1      | Reached skill level 5 in Unarmed Combat
   280 | D:2      | Found a faded altar of an unknown god.
   294 | D:2      | Found an ornate altar of the Wu Jian Council.
   422 | D:2      | Reached XP level 4. HP: 36/36 MP: 5/5
   663 | D:3      | Reached skill level 6 in Unarmed Combat
  1001 | D:4      | Found a staircase to the Ecumenical Temple.
  1010 | Temple   | Entered the Ecumenical Temple
  1243 | Temple   | Became a worshipper of Warmaster Okawaru
  1345 | D:4      | Reached XP level 5. HP: 41/41 MP: 6/6
  1654 | D:4      | Mangled by a gnoll

Illustrated notes

Levels and vault maps discovered:
D:1:      dpeg_arrival_more_subterranean_lakeside_camping, layout_rooms,
          chequers_serial_rivers_micro_a
D:2:      layout_rooms, dreamdust_ecumenical_altar_angels_and_demons,
          basic_altar
D:3:      layout_basic
D:4:      layout_basic, minmay_temple_entry_trees, minivault_5,
          hangedman_decor_lopped, uniq_blork_the_orc
Temple:   nicolae_temple_slightly_damp_pantheon

Skill      XL: |  1  2  3  4 |
---------------+-------------+-----
Unarmed Combat | 4 5 6 |  6.3
Fighting       | |  2.1
Long Blades    | |  3.6
Dodging        | |  1.2
Stealth        | |  1.0

Action                     |  1- 3 |  4- 6 || total
---------------------------+-------+-------++-------
  Melee: Unarmed           |    86 |    80 ||   166
         Punch             |     3 |       ||     3
 Armour: Robe              |    18 |       ||    18
         Ring mail         |     4 |    31 ||    35
  Dodge: Dodged            |    32 |    31 ||    63

Table legend: (Time is in decaauts)
 A = Elapsed time spent in this place.
 B = Non-inter-level travel time spent in this place.
 C = Inter-level travel time spent in this place.
 D = Time resting spent in this place.
 E = Time spent auto-exploring this place.
 F = Levels seen in this place.
 G = Mean time per level.
                   A        B        C        D        E       F      G
               +--------+--------+--------+--------+--------+-----+--------+
         Total |   1636 |   1545 |     91 |      0 |   1128 |   5 |  327.2 |
       Dungeon |   1383 |   1361 |     22 |      0 |    981 |   4 |  345.8 |
        Temple |    252 |    183 |     69 |      0 |    147 |   1 |  252.0 |
               +--------+--------+--------+--------+--------+-----+--------+

Top non-repeatable levels by time:
     D:3: 490 daAuts
     D:4: 421 daAuts
  Temple: 252 daAuts
     D:2: 242 daAuts
     D:1: 229 daAuts
